[Event "ITT 1st Parada Jamundi 2022"]
[Site "Jamundi Valle"]
[Date "2022.12.07"]
[Round "4.13"]
[White "Gonzalez Velasco, Leandro"]
[Black "Mogollon Tobar, Nicolle Julieth"]
[Result "0-1"]
[ECO "C06"]
[WhiteElo "1915"]
[BlackElo "1840"]
[Annotator "TA"]
[PlyCount "90"]
[EventDate "2022.12.05"]
[EventType "swiss"]
[EventCountry "COL"]
[SourceTitle "playchess.com"]
[Source "ChessBase"]
[SourceQuality "1"]
[TimeControl "5400+30"]

1. e4 e6 2. d4 d5 3. Nd2 Be7 4. Bd3 Nf6 5. e5 Nfd7 6. Ne2 c5 7. c3 Nc6 8. O-O {[%emt 0:00:52] C06: French Tarrasch: 3...Nf6 4 e5 Nfd7 5 Bd3 main lines.} g5 {[%emt 0:04:28] [#]} (8... O-O $14) 9. g4 $146 (9. b3 $16) ({Predecessor:} 9. Re1 h5 10. a3 h4 11. b4 cxd4 12. cxd4 Qb6 13. Nb3 g4 14. Be3 a5 15. b5 Nd8 {1-0 (33) Schekachikhin,M (2423)-Ahn,H (2303) Chess.com INT 2022}) 9... h5 $11 10. gxh5 {[%emt 0:01:22] The position is equal.} Rxh5 (10... Qb6 $5 ) 11. Ng3 (11. f4 $11) 11... Rh8 $17 12. Nf3 (12. Ne2 $17 {might work better.}) 12... cxd4 $19 (12... g4 13. Ne1 cxd4 14. cxd4) 13. cxd4 g4 14. Ne1 Nxd4 15. Qxg4 Rh4 $2 (15... Nxe5 16. Qxd4 Bf6 17. Bg5 $1 $18 ) (15... Bc5 $1 $19 16. Ne2 Nxe5) 16. Qg8+ $16 Nf8 17. Be3 ({White should play} 17. Kh1 $1 $16) 17... Qc7 $14 18. Rc1 ({Better is} 18. Qg7 $14) 18... Qxe5 $11 {[%emt 0:03:38] White must now prevent ...Bd7.} 19. Bxd4 {[%emt 0:00:10][%mdl 64] Remove Defender} Qxd4 (19... Rxd4 20. Nf3 Qf6 21. Nxd4 Qxd4 22. Bb5+ Bd7 23. Bxd7+ Kxd7 24. Qxf7 $16) 20. Bb5+ (20. Rc7 $2 Qf6 21. Ng2 Rh8 $19) 20... Bd7 21. Nf3 $1 Qh8 22. Bxd7+ Kxd7 23. Qxf7 {[%emt 0:00:40][%cal Oc1c7] aiming for Rc7+!} Rh7 {[%emt 0:05:48] Dancing on a razor blade.} (23... Qh7 $5 24. Ne5+ Kd8 $11) 24. Qf4 Bd6 {[%emt 0:00:34] Against Rc7+} (24... Qf6 $5 25. Qc7+ Ke8 26. Qxb7 Rd8 $14) 25. Qa4+ Ke7 {[%emt 0:03:14][%cal Of8g6] [#]} 26. Qb3 (26. Rfe1 $1 $16 {Threatens to win with Nf5+.} Qf6 27. Rc3 (27. Qb5 Kd8 $15)) 26... Kd8 27. Rfe1 (27. Ng5 $5 Re7 28. Qf3 $11) 27... Qf6 {[%emt 0:02:04] Inhibits Ng5.} 28. Qd3 Rf7 (28... Qxb2 29. Nd4 Rd7 30. Qe3 $16 (30. Nxe6+ Nxe6 31. Qg6 Re7 $11)) 29. Re3 (29. Rc3 $2 Bb4 30. Re3 (30. Nh5 $2 Qf5 $19) 30... Bxc3 31. bxc3 Kc7 $19) 29... Nd7 (29... Bxg3 30. hxg3 Rc8 31. Rxc8+ Kxc8 32. Qd2 $16) (29... Qxb2 $17 30. Rf1 Rc8) 30. Rce1 (30. Nd4 $5 Ne5 31. Qe2 $11) 30... Nc5 $36 {[%emt 0:02:24][%mdl 2048] Black is more active.} (30... Qxb2 $2 31. Ng5 Qxf2+ 32. Kh1 Bxg3 33. hxg3 $18) 31. Qd1 {[%emt 0:00:30] And now b4 would win.} a5 {[%emt 0:04:40] Black is more active.} (31... Qxb2 $17 {Strongly threatening ...Rf4.} 32. Rxe6 Nxe6 33. Qxd5 Rd7 34. Qxe6 (34. Rxe6 $2 Qxf2+ 35. Kxf2 Bxg3+ 36. Kxg3 Rxd5 $19) 34... Rc8) 32. Rxe6 $2 {[%emt 0:00:30][%mdl 8192] Now White is beyond hope.} Nxe6 $19 33. Qxd5 Nc7 ({Stronger than} 33... Qxf3 34. Qxd6+ (34. Qxe6 {leads to mate.} Qxf2+ 35. Kh1 Qf3+ 36. Kg1 Bc5+) 34... Rd7 35. Qxe6 $11) 34. Qd3 Ra6 35. Kg2 Ne6 {[%emt 0:00:45] Hoping for ...Nf4+.} 36. Qe4 Nf4+ 37. Kf1 Re7 ({Not} 37... Qxb2 38. Qe8+ Kc7 39. Qxf7+ Kb6 40. Ne4 $14) 38. Qc4 Rxe1+ 39. Nxe1 Rc6 40. Qb5 Bb4 {[%emt 0:03:38] ( -> ...Rc1)} 41. Ne4 {[%emt 0:01:00] [#]} Qh6 (41... Rc1 $142 $1 42. Qd5+ Nxd5 43. Kg2 Qf4 44. h3 Qxe4+ 45. Nf3 Nf4+ 46. Kg3 Ne2+ 47. Kg2 Rg1+ 48. Kh2 Qf4#) 42. Ng5 Qxh2 {[%emt 0:00:31][%cal Rh2h1] Black mates.} 43. Nf7+ Kc8 44. Qf5+ Re6 45. Qc2+ Kb8 {[%emt 0:00:06] Weighted Error Value: White=0.91/Black=0.30} 0-1

[Event "ITT 1st Parada Jamundi 2022"]
[Site "Jamundi Valle"]
[Date "2022.12.08"]
[Round "5.1"]
[White "Henriquez Villagra, Cristobal"]
[Black "Delgado Ramirez, Neuris"]
[Result "1/2-1/2"]
[ECO "D40"]
[WhiteElo "2587"]
[BlackElo "2572"]
[Annotator "TA"]
[PlyCount "50"]
[EventDate "2022.12.05"]
[EventType "swiss"]
[EventCountry "COL"]
[SourceTitle "playchess.com"]
[Source "ChessBase"]
[SourceQuality "1"]
[TimeControl "5400+30"]

1. d4 Nf6 2. c4 e6 3. Nf3 d5 4. e3 a6 5. Nc3 c5 6. a3 Nc6 7. dxc5 Bxc5 8. b4 Bd6 9. Bb2 O-O 10. Qc2 dxc4 {[%emt 0:05:03] [#] D40: Queen's Gambit Declined: Semi-Tarrasch with 5 e3.} 11. Rd1 $146 ({Better is} 11. Bxc4 $11 Ne5 12. Bb3) ({Predecessor:} 11. Bxc4 b5 12. Bd3 Bb7 13. Rd1 Qc7 14. Ng5 h6 15. Nge4 Be5 16. f4 Nxe4 17. Bxe4 Bf6 18. O-O {0-1 (40) Niemann,H (2642)-Abdusattorov,N (2651) Chess.com INT 2022}) 11... Qc7 (11... b5 $15 {deserves consideration.} 12. Ng5 Qc7 13. Nxb5 axb5 14. Bxf6 g6) 12. Bxc4 $11 Ne5 13. Be2 Bd7 14. Qd2 Nxf3+ 15. gxf3 Be5 16. f4 Bxc3 17. Qxc3 Qxc3+ 18. Bxc3 Nd5 19. Ba1 {[%emt 0:04:42] A strong pair of Bishops.} Ba4 {[%emt 0:02:13] Against e4} 20. Rd2 Rac8 {[%emt 0:04:18] ...Rc1+ is the strong threat.} 21. Bb2 {[%emt 0:00:05] Prevents Rc1+.} Nc3 22. Rg1 {[%emt 0:02:13] Black must now prevent Rd3.} f6 23. Bd3 {[%emt 0:31:59] Prevents Ne4.} Rfd8 {[%emt 0:00:30] [#]} (23... Rf7 $11 {remains equal.}) 24. f3 ({Avoid the trap} 24. Bxc3 $2 Rxc3 25. Ke2 {[#]} (25. Bxh7+ $2 Kxh7 $19) 25... Rdxd3 $1 26. Rxd3 Bb5 $19) (24. f5 $1 $16 ) 24... Nd5 25. Kf2 Kf7 {[%emt 0:00:30] An even fight not without its subleties.   Weighted Error Value: White=0.14 (very precise) /Black=0.15 (very precise)} 1/2-1/2

[Event "ITT 1st Parada Jamundi 2022"]
[Site "Jamundi Valle"]
[Date "2022.12.08"]
[Round "5.2"]
[White "Avila Pavas, Santiago"]
[Black "Mirzoev, Azer"]
[Result "1/2-1/2"]
[ECO "C45"]
[WhiteElo "2461"]
[BlackElo "2462"]
[Annotator "TA"]
[PlyCount "70"]
[EventDate "2022.12.05"]
[EventType "swiss"]
[EventCountry "COL"]
[SourceTitle "playchess.com"]
[Source "ChessBase"]
[SourceQuality "1"]
[TimeControl "5400+30"]

1. e4 e5 2. Nf3 Nc6 3. d4 exd4 4. Nxd4 Nf6 5. Nxc6 bxc6 6. e5 Qe7 7. Qe2 Nd5 8. c4 Nb6 9. b3 a5 10. Ba3 {[%emt 0:00:13] Against a4. C45: Scotch Game.} Qg5 (10... Qe6 {simplifies} 11. Bxf8 Rxf8 12. Nc3 a4) 11. Bxf8 Qc1+ (11... Kxf8 {simplifies} 12. Nc3 h5 13. h4 Qe7) 12. Qd1 Qxd1+ 13. Kxd1 Rxf8 14. Nc3 f6 15. exf6 Rxf6 16. f3 d5 {[%emt 0:05:08] [#]} 17. cxd5 $146 ({Predecessor:} 17. c5 Nd7 18. Na4 Nf8 19. Bd3 Bf5 20. Re1+ Kd7 21. Nb2 Re8 22. Rxe8 Kxe8 23. Kd2 Bxd3 24. Nxd3 {½-½ (82) Cajkovski,Z (1713)-Herrmann,S (1955) Augsburg 2011}) 17... cxd5 18. Nb5 Kd8 19. Rc1 c6 20. Nd4 Bd7 21. Bd3 Ke7 22. Ke2 ({Much weaker is} 22. Bxh7 g6 23. Re1+ Kf7 $17) 22... Kd6 23. Rhd1 (23. Bxh7 $2 {perishes.} c5 24. Nc2 g6 $19) (23. Kf2 $11 {remains equal.}) 23... h6 (23... c5 $17 24. Nc2 (24. Nb5+ Bxb5 25. Bxb5 d4 $15) 24... a4) 24. Kf2 $11 Rf4 25. Bf1 Raf8 26. Rd2 Nc8 27. Ne2 Rb4 28. Nc3 Nb6 {[%emt 0:01:18] Inhibits Na4.} 29. Bd3 (29. Kg1 $11) 29... a4 $15 30. Bc2 axb3 (30... Bf5 $5 ) 31. axb3 Bf5 32. Na2 $1 {[%emt 0:03:37] The position is equal.} Rb5 33. Nc3 Rb4 34. Na2 $1 Rb5 35. Nc3 Rb4 {[%emt 0:00:06] Weighted Error Value: White=0.09 (flawless) /Black=0.07 (flawless)} 1/2-1/2

[Event "ITT 1st Parada Jamundi 2022"]
[Site "Jamundi Valle"]
[Date "2022.12.08"]
[Round "5.3"]
[White "Mora Munoz, Alejandro"]
[Black "Cardoso Cardoso, Jose Gabriel"]
[Result "0-1"]
[ECO "B90"]
[WhiteElo "1959"]
[BlackElo "2483"]
[Annotator "TA"]
[PlyCount "88"]
[EventDate "2022.12.05"]
[EventType "swiss"]
[EventCountry "COL"]
[SourceTitle "playchess.com"]
[Source "ChessBase"]
[SourceQuality "1"]
[TimeControl "5400+30"]

1. e4 c5 2. Nf3 d6 3. d4 cxd4 4. Nxd4 Nf6 5. Nc3 a6 6. f3 e5 7. Nb3 Be6 8. Be3 h5 9. Nd5 {[%emt 0:00:08] B90: Sicilian Najdorf: Unusual White 6th moves, 6 Be3 Ng4 and 6 Be3 e5.} Bxd5 10. exd5 Nbd7 11. Qd2 {[%emt 0:01:38] White has an edge.} Qc7 12. Rc1 {[%emt 0:17:24] 12.0-0-0 gains popularity.} g6 13. Be2 Bg7 14. O-O b6 15. a4 Qb7 {[%emt 0:00:00] [#]} 16. Rfd1 $146 (16. c4 $5 ) ({Predecessor:} 16. c4 a5 17. f4 exf4 18. Bxf4 O-O 19. Bf3 Ne5 20. Nd4 Rfe8 21. Nc6 Nfd7 22. Bh6 {½-½ (53) Bjerre,J (2529)-Heinemann,T (2501) Germany 2021}) 16... O-O 17. c3 Kh7 18. Na1 (18. h3 {deserves consideration.}) 18... Nc5 19. Bxc5 (19. b4 $11 Nxa4 20. Nb3) 19... bxc5 $17 20. Rb1 Rfe8 21. b4 Bh6 22. Qd3 e4 23. Qc4 ({But not} 23. fxe4 $2 Qa7 24. Kf1 Nxe4 $19) 23... cxb4 24. cxb4 (24. Kh1 $17 {was worth a try.}) 24... exf3 $1 $19 25. Bxf3 {[%emt 0:00:38] [#]} Rac8 $1 26. Qf1 Rc3 (26... Ne4 $19 27. Bxe4 Rxe4) 27. Kh1 $17 Kg7 28. b5 axb5 29. axb5 Qb6 30. Nb3 h4 {[%emt 0:00:00][%cal Oh4h3] Black is much more active.} 31. Nc1 {[%emt 0:05:14] Inhibits h3.} (31. h3 $17) 31... Re5 ({Better is} 31... h3 $1 $19 {...Rc2 is the strong threat.} 32. gxh3 Rc5) 32. Nd3 Re3 33. Nb2 $1 Qc7 34. b6 $1 $36 {[%emt 0:01:53][%mdl 2048] White has some pressure.} Qxb6 35. Na4 Qc7 {[%emt 0:00:00] Threatens to win with ...Rc2.} 36. Nxc3 Rxc3 37. Rd3 Rc2 38. Rdb3 {[%emt 0:00:36] Against h3} Qc5 39. Qg1 (39. h3 {looks sharper.} Bf4 40. Rd1 g5 41. Qe1) 39... Qc8 40. Qd4 h3 41. Rf1 Qa6 42. Rd3 {[%emt 0:01:14] [#]} (42. Rbb1 $11 {keeps the balance.}) 42... Bf4 $1 {[%emt 0:02:14][%mdl 64] Hoping for ...Be5. Deflection} 43. Qxf4 {[%emt 0:01:18] Black must now prevent Be4.} ({Not} 43. Be4 $2 Be5 44. Qg1 hxg2+ 45. Bxg2 Qxd3 $19) (43. Rfd1 Be5) 43... Qxd3 44. Qd4 $2 Qa6 $2 {Weighted Error Value: White=0.26 (precise) /Black=0.08 (flawless)} (44... Qxf1+ {mates} 45. Qg1 Rc1 46. Qxf1 Rxf1#) 0-1

[Event "ITT 1st Parada Jamundi 2022"]
[Site "Jamundi Valle"]
[Date "2022.12.08"]
[Round "5.4"]
[White "Cori Quispe, Kevin Joel"]
[Black "Paredes Lagos, Anthony Javier"]
[Result "1/2-1/2"]
[ECO "B50"]
[WhiteElo "2469"]
[BlackElo "2230"]
[Annotator "TA"]
[PlyCount "92"]
[EventDate "2022.12.05"]
[EventType "swiss"]
[EventCountry "COL"]
[SourceTitle "playchess.com"]
[Source "ChessBase"]
[SourceQuality "1"]
[TimeControl "5400+30"]

1. e4 c5 2. Nf3 d6 3. c3 Nf6 4. h3 g6 5. Bd3 Bg7 6. Bc2 Nc6 7. O-O {[%emt 0:00:22] 7.d4 is the modern continuation.} O-O 8. d4 d5 {[%emt 0:08:12] B50: Sicilian: 2...d6, Miscellaneous.} 9. e5 Ne4 10. Qe2 cxd4 11. cxd4 {[%emt 0:00:06] [#]} Nb4 $146 ({Predecessor:} 11... Qb6 12. Rd1 Nb4 13. Bb3 Be6 14. Ng5 Nxg5 15. Bxg5 f6 16. Bf4 Rfe8 17. Nc3 Rad8 18. Na4 Qa6 {½-½ (33) Steyer,B (2169)-Wilhelm,J (2164) Germany 2010}) 12. Bb3 b6 13. Rd1 Ba6 14. Qe3 Rc8 15. Nc3 Nxc3 16. bxc3 Nc6 17. h4 e6 18. Ba3 Re8 19. Ba4 b5 20. Bb3 Qa5 21. Bc5 Qc7 ({Black should try} 21... b4) 22. Re1 $16 {[%emt 0:02:03] White is more active.} Na5 {[%emt 0:03:00] Prevents h5.} 23. h5 Qd7 24. Nh2 Rxc5 (24... Nc4 $142 25. Bxc4 dxc4) 25. dxc5 $18 Qe7 26. hxg6 hxg6 27. Ng4 Rc8 28. Qf4 Rxc5 29. Re3 Bb7 30. Rh3 {[%emt 0:01:40] Nf6+ is the strong threat.} Nc6 (30... Nc4 {keeps fighting.} 31. Bc2 Na3 32. Nf6+ Kf8) 31. Re1 a5 32. a3 b4 33. axb4 (33. cxb4 axb4 34. Nf6+ Kf8 35. axb4 Rb5 $18) 33... axb4 34. Ree3 (34. cxb4 Rb5 35. Nf6+ Kf8 $18) 34... bxc3 {[%emt 0:01:26] [#]} (34... Nxe5 $142 35. Nxe5 bxc3 36. Rxc3 g5) 35. Rxc3 $2 (35. Rh7 $3 $18 {[%mdl 512] and the rest is easy. Threatening mate with Reh3.} Kxh7 (35... Bxe5 36. Nxe5) 36. Nf6+ Qxf6 37. exf6) 35... Rxc3 $16 36. Rxc3 {[%emt 0:00:04] Hoping for Ba4.} Qa3 {[%emt 0:00:25] [#]} (36... d4 $16 37. Nf6+ Kf8) 37. Re3 $2 (37. Nf6+ Kf8 38. Kh2 d4 $18) (37. Rf3 $1 $18 Qe7 38. Nf6+ Bxf6 39. exf6 (39. Qxf6 Qxf6 40. exf6 Ne5 $16)) 37... Qc1+ $11 {[%emt 0:00:28] The position is equal.} 38. Kh2 d4 $36 {[%emt 0:00:24][%mdl 2048] Black has good play.} 39. Nf6+ Kf8 $1 (39... Bxf6 40. exf6 Qc5 {[#]} 41. Rxe6 $1 fxe6 42. Bxe6+ Kh7 43. Qc7+ Kh6 44. Qg7+ (44. Qxb7 Qh5+ 45. Kg1 Qd1+ 46. Kh2 Qh5+ 47. Kg1 Qd1+ 48. Kh2 Qh5+ $11) 44... Kg5 45. f7 $18 (45. Qxb7 Qe5+ 46. g3 Qxe6 $11)) 40. Bxe6 {[%emt 0:00:06] Dancing on a razor blade.} fxe6 (40... dxe3 $2 41. Nd7+ Ke8 42. Qxf7+ (42. Bxf7+ $2 {too greedy.} Kd8 $19) 42... Kd8 43. Nc5 (43. Nf6 Nxe5 44. Qe8+ Kc7 $11) 43... Bxe5+ 44. g3 Bxg3+ 45. Kg2 (45. Kxg3 Qg1+ 46. Kh3 Qf1+ 47. Kg3 Qxf2+ 48. Qxf2 exf2 $11) (45. fxg3 Qb2+ 46. Kh3 Qh8+ 47. Kg2 Qb2+ 48. Kh3 Qh8+ 49. Kg2 Qb2+ 50. Kh3 $11) 45... Ne7+ 46. Nxb7+ (46. Kxg3 $2 Qxc5 47. Qf8+ Kc7 $19) 46... Kc7 47. Qxe7+ $18) 41. Nh5+ Kg8 (41... Ke7 {seems wilder.} 42. Nxg7 dxe3 43. Qf6+ Kd7) 42. Nxg7 dxe3 (42... Bc8 43. Ne8 $18) 43. Nxe6 {[%emt 0:00:11] White threatens Qf8+ and mate.} Qa3 {[%emt 0:00:31] Against Qf8+. Threatens to win with ...Qe7.} 44. Qf6 (44. Qxe3 $2 {loses.} Qxe3 45. fxe3 Nxe5 $19) 44... Qe7 {[%emt 0:00:02] Inhibits Qg7+. ( -> ...Qxf6)} 45. Qxg6+ (45. fxe3 $2 {perishes.} Qxf6 46. exf6 Kf7 $19) 45... Kh8 46. Qh6+ Qh7 {[%emt 0:02:46] Blacks defense is rewarded with a draw.   Weighted Error Value: White=0.22 (precise) /Black=0.25 (precise)} 1/2-1/2

[Event "ITT 1st Parada Jamundi 2022"]
[Site "Jamundi Valle"]
[Date "2022.12.08"]
[Round "5.5"]
[White "Cruz, Cristhian"]
[Black "Rios, Cristhian Camilo"]
[Result "1/2-1/2"]
[ECO "E11"]
[WhiteElo "2552"]
[BlackElo "2456"]
[Annotator "TA"]
[PlyCount "46"]
[EventDate "2022.12.05"]
[EventType "swiss"]
[EventCountry "COL"]
[SourceTitle "playchess.com"]
[Source "ChessBase"]
[SourceQuality "1"]
[TimeControl "5400+30"]

1. d4 d5 2. c4 e6 3. Nf3 Nf6 4. g3 Bb4+ 5. Bd2 Be7 6. Bg2 O-O 7. O-O c6 8. Bc3 {[%emt 0:02:17] E11: Bogo-Indian.} dxc4 9. a4 b5 10. axb5 cxb5 11. Ne5 {[%emt 0:04:31] Against a5} Nd5 12. Ba5 Qe8 13. b3 Nc6 14. bxc4 bxc4 15. Nxc6 Qxc6 16. e4 Nf6 17. Nc3 {[%emt 0:02:06][%mdl 1024] White has compensation.} Rb8 18. Qd2 {[%emt 0:07:44] [#]} Qd7 $146 ({Predecessor:} 18... Rb3 19. Rfd1 Bb7 20. d5 exd5 21. exd5 Qc5 22. d6 Bd8 23. Bxd8 Rxd8 24. Bxb7 Rxb7 {½-½ (80) Svane,R (2640)-Engel,L (2557) Magdeburg 2022}) 19. Rfd1 Bb7 ({Better is} 19... Rb3 $11) 20. d5 (20. Qf4 $14) 20... e5 ({Black should play} 20... exd5 $11 21. Nxd5 Bxd5 22. exd5 Bc5) 21. d6 {[%emt 0:09:38] [#] And now Bc7 would win.} Bd8 {[%emt 0:00:12] Prevents Bc7.} 22. Bxd8 Rfxd8 23. Rxa7 Ra8 {[%emt 0:07:58] Weighted Error Value: White=0.12 (very precise) /Black=0.20 (precise)} (23... Ne8 $11) 1/2-1/2

[Event "ITT 1st Parada Jamundi 2022"]
[Site "Jamundi Valle"]
[Date "2022.12.08"]
[Round "5.6"]
[White "Campos Gomez, Manuel"]
[Black "Lopez Rayo, Santiago"]
[Result "1/2-1/2"]
[ECO "E68"]
[WhiteElo "2322"]
[BlackElo "2300"]
[Annotator "TA"]
[PlyCount "73"]
[EventDate "2022.12.05"]
[EventType "swiss"]
[EventCountry "COL"]
[SourceTitle "playchess.com"]
[Source "ChessBase"]
[SourceQuality "1"]
[TimeControl "5400+30"]

1. Nf3 Nf6 2. g3 g6 3. Bg2 Bg7 4. O-O O-O 5. c4 d6 6. d4 Nbd7 7. Nc3 e5 8. e4 exd4 9. Nxd4 c6 10. b3 Nc5 11. Bb2 {[%emt 0:02:11] E68: King's Indian: Fianchetto: 6...Nbd7 7 0-0 e5 8 e4.} ({Better is} 11. f3 $14) 11... a5 12. Qc2 Qb6 13. Rad1 {[%emt 0:08:00] White has an edge.} a4 {[%emt 0:11:30] [#]} 14. Bc1 $146 (14. bxa4 Qb4 $15) ({Predecessor:} 14. h3 Nfd7 15. Nce2 Ne5 16. Bc1 Re8 17. Kh2 axb3 18. axb3 Na6 19. Be3 Nb4 20. Qb1 {1-0 (51) Matlakov,M (2689)-Goganov,A (2591) Vladivostok 2014}) 14... Ng4 15. Nce2 axb3 16. axb3 Na6 17. h3 Nb4 18. Qb1 Ne5 19. Be3 {[%emt 0:05:13][%cal Od4f5] Nf5! is the strong threat.} Qc7 20. Bd2 Qb6 21. Be3 {[%emt 0:01:13][%cal Od4e6] Black must now prevent Ne6!} Qc7 22. Rd2 Ra3 23. Rfd1 Qa5 24. Nc2 {[%emt 0:02:37] Inhibits b5.} Nxc2 25. Qxc2 Qb4 26. Nc1 ({Of course not} 26. Rxd6 Qxb3 27. Qxb3 Rxb3 $15) 26... Be6 27. Rxd6 b5 (27... Bd5 $2 28. cxd5 $1 Qxd6 29. Bc5 $18) 28. cxb5 Qxb5 {[%emt 0:00:08] [#]} (28... Bxb3 $16 29. Nxb3 Rxb3) 29. Qc5 (29. Bc5 $1 $18 {[%cal Rc5a3] is more deadly.} Rxb3 30. Rd8 (30. Rxe6 Rb2 $11)) 29... Ra5 $16 30. Qc2 (30. Qxb5 $16 Rxb5 31. f4) 30... Ra3 $18 {[%emt 0:09:00][%cal Re6b3] [#]} 31. Qc5 (31. Bc5 $1 $18 {[%cal Rc5a3] and White stays clearly on top.} Rxb3 32. Rd8 (32. Rxe6 Rb2 $11)) 31... Ra5 $16 32. b4 (32. Qxb5 {simplifies} Rxb5 33. f4 Bxb3 34. Nxb3 Rxb3 35. Bc5) 32... Raa8 33. Qxb5 (33. Nd3 $14) 33... cxb5 $11 34. Bc5 Rfc8 35. R6d3 $2 Nc4 $2 (35... Nxd3 $19 36. Nxd3 Rd8) 36. Rd6 $2 Ne5 $2 (36... Nxd6 $19 37. e5 Nc4 38. Bxa8 Rxa8) 37. Bf1 {[%emt 0:01:00] Never resign too early!   Weighted Error Value: White=0.71/Black=0.34} ({White should try} 37. Nd3 $14) 1/2-1/2

[Event "ITT 1st Parada Jamundi 2022"]
[Site "Jamundi Valle"]
[Date "2022.12.08"]
[Round "5.8"]
[White "Valdes Martinez, Miguel A."]
[Black "Zuluaga Mancilla, Cesar"]
[Result "0-1"]
[ECO "D04"]
[WhiteElo "2104"]
[BlackElo "2230"]
[Annotator "TA"]
[PlyCount "84"]
[EventDate "2022.12.05"]
[EventType "swiss"]
[EventCountry "COL"]
[SourceTitle "playchess.com"]
[Source "ChessBase"]
[SourceQuality "1"]
[TimeControl "5400+30"]

1. d4 d5 2. Nf3 Nf6 3. e3 c6 4. h3 Bf5 5. Bd3 Bg6 6. O-O {[%emt 0:00:00] D04: Colle System.} Nbd7 7. Nbd2 e6 {[%emt 0:00:59] [#]} 8. Qe2 $146 (8. Bxg6 $142 hxg6 9. c4) ({Predecessor:} 8. Bxg6 hxg6 9. c4 Bd6 10. Re1 Ne4 11. Qe2 f5 12. Nf1 g5 13. N1h2 g4 14. hxg4 Bxh2+ 15. Nxh2 {0-1 (20) Volan,M (1499)-Plessis,A (1762) Cap d'Agde 2010}) 8... Ne4 $11 9. Bxe4 dxe4 10. Ne5 (10. Nh2 $15) 10... Nxe5 $17 11. dxe5 Qc7 (11... Qg5 $1 $17 12. Rd1 Qxe5) 12. Nc4 $15 b5 13. Nd6+ Bxd6 14. exd6 Qxd6 15. a4 b4 16. b3 Qe5 $36 {[%emt 0:06:02][%mdl 2048] Black has good play.} 17. Rb1 O-O 18. Bb2 Qg5 {[%emt 0:02:33] White should prevent ...Bh5.} 19. Qc4 c5 20. Kh2 (20. Rbc1 $15) 20... Rfd8 $17 21. c3 a5 {[%emt 0:08:43] Black is more active.} (21... Rd2 {keeps more tension.} 22. Ba1 Bh5 23. cxb4 Be2) 22. cxb4 cxb4 23. Bd4 Rac8 ({Black should play} 23... Qe7 $17 {Threatening ...Qd6+.} 24. Qc5 Qxc5 25. Bxc5 Ra6) 24. Qb5 $11 Rd5 (24... Qd5 {simplifies} 25. Rfd1 f6 26. Qxd5 Rxd5 27. Bb6 Rf5) 25. Qb7 (25. Rfc1 $11 Ra8 26. Qb7) 25... Rcd8 26. Rbc1 h5 27. Rc8 (27. Bb6 $11) 27... Rxc8 $17 28. Qxc8+ Kh7 $1 29. Rc1 $2 {[%emt 0:03:58] [#]} (29. Qc2 $17) 29... e5 $2 (29... Rxd4 $1 $19 30. exd4 Qf4+ 31. Kg1 e3 32. fxe3 Qxe3+ 33. Kh2 Be4) 30. Bb6 $11 Rd2 (30... Qf5 {simplifies} 31. Qxf5 Bxf5 32. Rc7 Be6) 31. Rc2 $2 (31. Rf1 $1 $11) 31... Bf5 $19 32. Qc4 $2 (32. Qc6 Rd1 33. Rb2) 32... Rd1 $1 33. Qe2 (33. Bxa5 Bxh3 $1 34. g3 Qg4 35. Qe2 Qf3 $1 36. Qxf3 (36. Kxh3 $2 Qh1#) 36... exf3) 33... Rb1 {[%emt 0:16:59][%cal Of5h3] Strongly threatening ...Bxh3!} ({Worse is} 33... Bxh3 34. f4 Qg4 35. Qxg4 Bxg4 36. Rc4 $17) 34. Rb2 {[#]} Bxh3 $1 35. g3 (35. f4 exf3) 35... Bf1 {[%emt 0:00:00] ( -> ...Qf5)} 36. Qc2 {[%emt 0:00:35] [#]} Bd3 (36... Qg4 $142 $1 37. f4 (37. Kg1 Qf3) 37... Qh3+ 38. Kg1 Qxg3+ 39. Qg2 Bxg2+ 40. Rxb1 Bh3+ 41. Kh1 Qg2#) 37. Qxb1 Bxb1 38. Rxb1 {[%emt 0:00:01] KQ-KRB} Qf6 39. Bxa5 Qxf2+ 40. Kh3 g5 {[%emt 0:00:00][%cal Bg7g5,Bg5g4][%mdl 32] Black mates.} 41. Bxb4 g4+ 42. Kh4 Kg6 {[%emt 0:00:00] Weighted Error Value: White=1.21/Black=0.29 (precise)} 0-1